Cogmind - Beta 15 *** ADVENTURER MODE // 2025.06.16 @ 18:50:33 Player: DeepestRoots Result: Self-destructed Performance ------------- Evolutions (2) 1000 Regions Visited (6) 1200 Robots Destroyed (133) 665 Value Destroyed (3132) 3132 Prototype IDs (35) 700 Alien Tech Used (0) 0 Bonus (300) 300 TOTAL SCORE: 6997 Bonus ------- Aligned with FarCom 300 Cogmind --------- Core Integrity 512/550 Matter 260/300 Energy 280/280 System Corruption 0% Temperature Cool (0) Movement Treading (240) Ox1 Location -8/Materials Parts ------- > --- POWER (1) -------- Heavy Ion Engine > --- PROPULSION (3) --- Light Treads Light Treads Light Treads > --- UTILITY (5) ------ Improved Heat Sink Advanced Heat Sink High-capacity Storage Unit Signal Interpreter Hardened Medium Armor Plating > --- WEAPON (2) ------- Advanced Beam Rifle Enhanced Autogun > --- INVENTORY (20) --- Heavy Ion Engine Light Treads Light Treads Light Treads High-capacity Matter Pod (200) Improved Sensor Array Heavy Armor Plating Hardened Medium Armor Plating Reflective Plating Bomb Drone Bay (16/16) Improved Medium Laser Advanced Beam Rifle EM Pulse Cannon Improved Assault Rifle AWS/Gauss Rocket Launcher Heavy Hammer Peak State ------------ > --- POWER ------------ Heavy Ion Engine > --- PROPULSION ------- Light Treads Light Treads Light Treads > --- UTILITY ---------- Improved Heat Sink Advanced Heat Sink High-capacity Storage Unit Signal Interpreter Hardened Medium Armor Plating > --- WEAPON ----------- Advanced Beam Rifle Enhanced Autogun > --- INVENTORY -------- Heavy Ion Engine Light Treads Light Treads Light Treads High-capacity Matter Pod Sensor Array Heavy Armor Plating Hardened Medium Armor Plating Reflective Plating Bomb Drone Bay Improved Medium Laser Advanced Beam Rifle EM Pulse Cannon Improved Assault Rifle AWS/Gauss Rocket Launcher Heavy Hammer [Rating: 33] Favorites ----------- Power Improved Ion Engine Engine Improved Ion Engine Propulsion Light Treads Treads Light Treads Wheel Compact Wheel Utility Seismic Detector Device Seismic Detector Storage High-capacity Storage Unit Processor Signal Interpreter Protection Medium Armor Plating Weapon Improved Assault Rifle Energy Gun Advanced Beam Rifle Energy Cannon EM Pulse Cannon Ballistic Gun Improved Assault Rifle Ballistic Cannon Light Cannon Launcher Rocket Launcher Special Weapon Mining Laser Impact Weapon Heavy Hammer Build | -11 -10 -9 -9 -9 -8 -8 ------- Run | Yrd Mat Mat Min Exi Min Mat Slots Evolved 4 | . . 2 . . . 2 Power . | . . . . . . . Propulsion 1 | . . . . . . 1 Utility 3 | . . 2 . . . 1 Weapon . | . . . . . . . Parts Attached 66 | 7 11 23 1 3 2 19 Power 8 | 1 1 3 . . 1 2 Engine 8 | 1 1 3 . . 1 2 Core . | . . . . . . . Reactor . | . . . . . . . Propulsion 17 | 2 . 7 . . 1 7 Treads 16 | 2 . 7 . . . 7 Leg . | . . . . . . . Wheel 1 | . . . . . 1 . Hover . | . . . . . . . Flight . | . . . . . . . Utility 17 | 2 2 6 1 1 . 5 Device 8 | 1 1 1 1 1 . 3 Storage 4 | 1 1 2 . . . . Processor 1 | . . 1 . . . . Hackware . | . . . . . . . Protection 4 | . . 2 . . . 2 Artifact . | . . . . . . . Weapon 24 | 2 8 7 . 2 . 5 Energy Gun 5 | 1 . 2 . . . 2 Energy Cannon 2 | . . . . . . 2 Ballistic Gun 11 | 1 3 4 . 2 . 1 Ballistic Cannon 2 | . 2 . . . . . Launcher 2 | . 2 . . . . . Special Weapon 1 | . 1 . . . . . Impact Weapon 1 | . . 1 . . . . Slashing Weapon . | . . . . . . . Piercing Weapon . | . . . . . . . Special Melee Weapon . | . . . . . . . Unidentified Prototypes 3 | . 1 . 1 . . 1 Parts Lost 1 | . . . . . . 1 Power . | . . . . . . . Propulsion . | . . . . . . . Utility 1 | . . . . . . 1 Weapon . | . . . . . . . Highest Loss Streak 1 | . . . . . . 1 To Critical Strikes . | . . . . . . . Average Backups 15 | 1 8 16 19 18 18 16 Power . | . . . . . . . Propulsion 2 | 1 2 1 3 3 3 2 Utility 4 | . 2 5 6 7 7 5 Weapon 7 | . 2 9 9 8 8 7 Tool/Special . | . . . . . . . Unused Backups 21 | . 3 5 1 2 1 9 Power 3 | . . 1 1 . . 1 Propulsion 5 | . 2 . . . . 3 Utility 6 | . . 1 . . 1 4 Weapon 7 | . 1 3 . 2 . 1 Tool/Special . | . . . . . . . Average Slot Usage (%) 99 | . 100 99 99 97 100 99 Engine 11 | . 14 11 11 11 11 9 Treads 23 | . 28 21 22 22 11 26 Device 14 | . 14 14 10 11 11 17 Storage 11 | . 14 11 11 11 11 9 Processor 8 | . . 10 11 11 11 9 Protection 6 | . . 7 10 11 11 8 Energy Gun 3 | . . 2 . . . 11 Ballistic Gun 15 | . 16 17 22 19 21 2 Ballistic Cannon 2 | . 10 . . . . 1 Peak Build Rating 33 | 7 11 19 30 29 21 33 Average Rating 17 | 5 9 16 19 21 20 26 On Entrance 13 | . 7 10 19 19 20 21 Naked Turns . | . . . . . . . Heaviest Build 68 | 14 22 63 61 65 62 68 Greatest Support 60 | 40 40 40 40 40 40 60 Greatest Overweight (x) 3 | . . 1 1 1 3 1 Average Overweight (x) . | . . . 1 1 2 . Largest Inventory Capacity 20 | 8 10 20 20 20 20 20 Average Capacity 16 | 7 9 17 20 20 20 20 Most Carried 20 | 3 10 20 20 20 20 20 Average Carried 15 | 1 8 16 19 19 19 19 Final Capacity 20 | 8 10 20 20 20 20 20 Final Carried 20 | 3 10 20 20 20 20 20 Class Distribution -------------------- 99% | Mutant Dominant Class ---------------- Mutant | -10/Materials Mutant | -9/Materials Mutant | -9/Mines Mutant | -9/Exiles Mutant | -8/Mines Mutant | -8/Materials Resources | -11 -10 -9 -9 -9 -8 -8 ----------- Run | Yrd Mat Mat Min Exi Min Mat Matter Collected 2795 | 229 700 1129 74 . 225 438 Remotely . | . . . . . . . Salvage Created 4395 | 110 672 1669 125 . 256 1563 Parts 270 | 5 56 107 2 . 14 86 Haulers Intercepted 11 | . 2 5 . . . 4 Recyclers Shooed 4 | 1 . . . . 2 1 Parts Field Recycled . | . . . . . . . Retrieved Matter . | . . . . . . . Parts Self-Destructed . | . . . . . . . Prevented . | . . . . . . . Kills | -11 -10 -9 -9 -9 -8 -8 ------- Run | Yrd Mat Mat Min Exi Min Mat Combat Hostiles Destroyed 86 | . 20 39 . . 4 23 Melee 1 | . . . . . . 1 Guns 42 | . 6 24 . . . 12 Cannons 17 | . 10 1 . . . 6 AOE 26 | . 4 14 . . 4 4 Classes Destroyed 14 | 2 6 4 . . . 2 Worker 6 | . 1 2 . . 2 1 Builder 3 | . 2 . . . 1 . Tunneler 2 | 1 1 . . . . . Hauler 11 | . 2 5 . . . 4 Recycler 13 | 1 1 1 2 . 3 5 Mechanic 1 | . . . . . . 1 Operator 2 | . . 1 . . . 1 Watcher 9 | . 2 5 . . . 2 Swarmer 26 | . 9 8 . . 4 5 Grunt 39 | . 11 18 . . . 10 Brawler 1 | . . 1 . . . . Duelist 3 | . . 2 . . . 1 Sentry 16 | . . 10 . . . 6 Hunter 1 | . . . . . . 1 Best Kill Streak 8 | 1 5 5 2 . 4 8 Combat Bots Only 8 | . 5 5 . . 4 8 Max Kills in Single Turn 3 | 1 2 2 1 . 2 3 Gunslinging . | . . . . . . . Exploded 3 | . 2 2 . . 2 3 Melee 1 | . . . . . . 1 Uniques/NPCs Destroyed . | . . . . . . . Combat | -11 -10 -9 -9 -9 -8 -8 -------- Run | Yrd Mat Mat Min Exi Min Mat Hostile Shots Fired 221 | . 60 89 3 . 4 65 Missed 67 | . 19 27 . . 1 20 Hits 154 | . 41 62 3 . 3 45 Melee 4 | . . 1 . . . 3 Projectile 150 | . 41 61 3 . 3 42 Critical Strikes 7 | . 1 3 2 . . 1 Damage Taken 1587 | . 318 599 36 . 58 576 Core 231 | . 68 125 . . . 38 Absorbed by Shields . | . . . . . . . Ignored by Resistances 457 | . 103 175 11 . 6 162 Regen/Repaired (Parts) 148 | . . 148 . . . . Core Remaining (%) 80 | 100 72 . . . 68 . Volleys Fired 246 | 7 49 88 5 . 14 83 Largest 2 | 2 2 2 2 . 2 2 Hottest 126 | 60 100 123 46 . 46 126 Shots Fired 444 | 14 86 155 9 . 22 158 Gun 319 | 14 43 125 9 . 16 112 Cannon 92 | . 36 11 . . . 45 Launcher 29 | . 6 16 . . 6 1 Special 4 | . 1 3 . . . . Kinetic 288 | 7 79 116 9 . 16 61 Thermal 89 | 7 1 3 . . . 78 Explosive 29 | . 6 16 . . 6 1 Electromagnetic 38 | . . 20 . . . 18 Robot Hit Streak 63 | 12 25 58 63 . 17 29 Robot Miss Streak 3 | . 2 2 1 . . 3 Penetration Max . | . . . . . . . Secondary Targets 1 | . . . . . . 1 Max Gunslinging Chain 1 | . . . . . . 1 Shots Hit Robots 332 | 12 54 128 7 . 15 116 Core Hits 188 | 3 38 80 3 . 9 55 Critical Kills . | . . . . . . . Critical Parts Destroyed 1 | 1 . . . . . . Critical Strikes 5 | 1 . 1 . . . 3 Burn 2 | . . . . . . 2 Destroy 1 | 1 . . . . . . Blast 2 | . . 1 . . . 1 Melee Attacks 8 | . . 6 . . . 2 Impact 8 | . . 6 . . . 2 Slashing . | . . . . . . . Piercing . | . . . . . . . Sneak Attacks . | . . . . . . . Combat Hostiles . | . . . . . . . Follow-up Attacks . | . . . . . . . Damage Inflicted 8494 | 156 1378 3395 104 . 569 2892 Guns 4319 | 156 424 1728 104 . 220 1687 Cannons 1580 | . 491 199 . . . 890 Explosions 2359 | . 454 1411 . . 270 224 Melee 91 | . . . . . . 91 Ramming 145 | . 9 57 . . 79 . Kinetic 3678 | 87 915 1582 104 . 220 770 Thermal 1663 | 69 99 98 . . . 1397 Explosive 2091 | . 355 1313 . . 270 153 Electromagnetic 826 | . . 345 . . . 481 Impact 91 | . . . . . . 91 Slashing . | . . . . . . . Piercing . | . . . . . . . Highest Corruption . | . . . . . . . Average Corruption . | . . . . . . . Corruption Purged . | . . . . . . . Corruption Blocked . | . . . . . . . Overload Shots . | . . . . . . . Overflow Damage 116 | . . 59 . . 57 . Projectiles . | . . . . . . . Explosions 105 | . . 59 . . 46 . Melee 11 | . . . . . 11 . Knockbacks 13 | . 6 1 . . 2 4 Impact 4 | . . 1 . . 2 1 Kinetic 9 | . 6 . . . . 3 Secondary . | . . . . . . . Self-Inflicted Damage 39 | . . . . . 39 . Shots . | . . . . . . . Rammed 12 | . 2 7 . . 3 . Targets Rammed 13 | . 2 8 . . 3 . Kicked . | . . . . . . . Crushed 1 | . . 1 . . . . Highest Temperature 306 | . 30 81 10 . . 306 Average Temperature 39 | . 12 15 9 . . 57 Received Heat Transfer 897 | . 165 309 63 . . 360 Siege Activations . | . . . . . . . Martial Activations . | . . . . . . . Shielding Activations . | . . . . . . . Robots Disrupted 1 | . . 1 . . . . Combat Hostiles . | . . . . . . . Robots Corrupted 1 | . . . . . 1 . Combat Hostiles . | . . . . . . . Parts Fried 9 | . . 1 . . 3 5 Impact Corruptions 2 | . . . . . 2 . Robots Melted . | . . . . . . . Combat Hostiles . | . . . . . . . Parts Melted 4 | . . . . . . 4 Heat Transferred 2979 | 150 50 200 . . . 2579 Parts Sabotaged . | . . . . . . . Parts Stolen . | . . . . . . . Parts Stripped . | . . . . . . . Power Chain Reactions 2 | . . 1 . . . 1 Alert | -11 -10 -9 -9 -9 -8 -8 ------- Run | Yrd Mat Mat Min Exi Min Mat Maximum Alert Level 1 | . . 1 . . . . Low Security (%) 99 | 100 100 99 100 . 100 100 Level 1 . | . . . . . . . Level 2 . | . . . . . . . Level 3 . | . . . . . . . Level 4 . | . . . . . . . Level 5 . | . . . . . . . High Security . | . . . . . . . Max Security . | . . . . . . . Peak Influence 222 | 5 171 222 10 . 114 175 Initial 2 | . 2 . . . . . Average 22 | . 30 19 . . 17 31 Influence Increases 2914 | 10 693 1213 11 . 160 827 Destroy 0b10 Robot/C 1720 | . 400 780 . . 80 460 Destroy 0b10 Robot/NC 235 | 10 45 70 10 . 30 70 Destroy Leader 450 | . 78 230 . . 10 132 Trap Triggered on 0b10 30 | . . . . . . 30 Successful Hack 91 | . 32 26 . . 6 27 Select Force Hacks 30 | . 30 . . . . . Disable Machine 72 | . 45 . . . 9 18 Destroy Structure 196 | . 63 92 1 . 25 15 Lose Combat Pursuer 90 | . . 15 . . . 75 Influence Decreases 2769 | 5 698 1213 11 . 160 682 Entered New Map 3 | . 3 . . . . . Time Decay 2524 | 5 695 981 11 . 160 672 Lost Part 10 | . . . . . . 10 Purge Threat 232 | . . 232 . . . . Squads Dispatched 11 | . 3 6 . . . 2 Investigation 6 | . 3 3 . . . . Extermination . | . . . . . . . Reinforcement 5 | . . 3 . . . 2 Assault . | . . . . . . . Garrison . | . . . . . . . Intercept . | . . . . . . . Searches Triggered . | . . . . . . . Construction Impeded 1 | . . . . . . 1 Haulers Reinforced . | . . . . . . . Active Scanning Responses . | . . . . . . . Cargo Convoy Interrupts . | . . . . . . . Stealth | -11 -10 -9 -9 -9 -8 -8 --------- Run | Yrd Mat Mat Min Exi Min Mat Distress Signals 6 | . 2 2 . . . 2 Communications Jammed . | . . . . . . . Distress Signals . | . . . . . . . Times Spotted 113 | . 35 46 4 . . 28 Peak Tracking Total 6 | . 5 5 6 . 3 5 Tactical Retreats 5 | . . 1 . . . 4 Traps | -11 -10 -9 -9 -9 -8 -8 ------- Run | Yrd Mat Mat Min Exi Min Mat Traps Triggered 3 | . 2 1 . . . . Indirectly . | . . . . . . . Trap Hack Attempts . | . . . . . . . Triggered . | . . . . . . . Disarmed . | . . . . . . . Reprogrammed 6 | . . . . . . 6 Reused 3 | . . . . . . 3 Traps Extracted . | . . . . . . . Installed . | . . . . . . . Triggered 3 | . . . . . . 3 Machines | -11 -10 -9 -9 -9 -8 -8 ---------- Run | Yrd Mat Mat Min Exi Min Mat Machines Disabled 8 | . 5 . . . 1 2 Max in Single Turn 4 | . 4 . . . 1 1 Machines Repaired . | . . . . . . . Machines Dismantled . | . . . . . . . Machines Sabotaged . | . . . . . . . Overloaded Fab Kills . | . . . . . . . Hacking | -11 -10 -9 -9 -9 -8 -8 --------- Run | Yrd Mat Mat Min Exi Min Mat Machines Accessed 31 | . 7 14 1 1 1 7 Terminals 24 | . 6 10 . . 1 7 Fabricators . | . . . . . . . Repair Stations 2 | . . 2 . . . . Recycling Units 1 | . 1 . . . . . Scanalyzers 2 | . . 2 . . . . Garrison Access . | . . . . . . . Total Hacks 99 | . 24 47 1 1 4 22 Successful 67 | . 14 33 1 1 1 17 Failed 32 | . 10 14 . . 3 5 Catastrophic 1 | . . . . . . 1 Database Lockouts . | . . . . . . . Manual 64 | . 19 26 . 1 4 14 Terminals 85 | . 22 37 . . 4 22 Fabricators . | . . . . . . . Repair Stations 6 | . . 6 . . . . Recycling Units 2 | . 2 . . . . . Scanalyzers 4 | . . 4 . . . . Garrison Access . | . . . . . . . Terminal Hacks 27 | . 4 10 1 1 1 10 Part Schematic 1 | . . 1 . . . . Robot Analysis 4 | . 2 1 . . 1 . Prototype ID Bank 4 | . . 4 . . . . Open Door 1 | . . . 1 . . . Branch Access Points 2 | . . . . . . 2 Alert Level 1 | . . . . . . 1 Unreport Threat 2 | . . 2 . . . . Locate Traps 5 | . 1 1 . . . 3 Reprogram Traps 1 | . . . . . . 1 Hauler Manifests 3 | . 1 1 . . . 1 Zone Layout 2 | . . . . . . 2 Proto ID Catalog 1 | . . . . 1 . . Fabricator Hacks . | . . . . . . . Repair Station Hacks 6 | . . 6 . . . . Scan Component 3 | . . 3 . . . . Repair 3 | . . 3 . . . . Recycling Unit Hacks . | . . . . . . . Scanalyzer 4 | . . 4 . . . . Insert Component 3 | . . 3 . . . . Analyze 1 | . . 1 . . . . Garrison Access Hacks . | . . . . . . . Unauthorized Hacks 30 | . 10 13 . . . 7 Terminals 29 | . 9 13 . . . 7 Track 4 | . 1 2 . . . 1 Botnet 9 | . 2 4 . . . 3 Disrupt 3 | . 1 1 . . . 1 Operators 3 | . . 1 . . . 2 Skim 10 | . 5 5 . . . . Fabricators . | . . . . . . . Repair Stations . | . . . . . . . Recycling Units 1 | . 1 . . . . . Tunnel 1 | . 1 . . . . . Scanalyzers . | . . . . . . . Garrison Access . | . . . . . . . Data Cores Recovered 1 | . . 1 . . . . Used . | . . . . . . . Hacking Detections 21 | . 6 10 . . 1 4 Full Trace Events 2 | . . 2 . . . . Feedback Events . | . . . . . . . Feedback Blocked . | . . . . . . . Robot Schematics Acquired . | . . . . . . . Robots Built . | . . . . . . . Authchips . | . . . . . . . Time . | . . . . . . . Total Robot Build Rating . | . . . . . . . Part Schematics Acquired 2 | . . 2 . . . . Parts Built . | . . . . . . . Authchips . | . . . . . . . Time . | . . . . . . . Total Part Build Rating . | . . . . . . . Parts Repaired 3 | . . 3 . . . . Time 68 | . . 68 . . . . Parts Recycled . | . . . . . . . Recycled Matter . | . . . . . . . Retrieved Matter . | . . . . . . . Retrieved Components . | . . . . . . . Parts Scanalyzed 1 | . . 1 . . . . Part Schematics Acquired 1 | . . 1 . . . . Parts Damaged . | . . . . . . . Bothacking | -11 -10 -9 -9 -9 -8 -8 ------------ Run | Yrd Mat Mat Min Exi Min Mat Used RIF Installer . | . . . . . . . Robots Hacked . | . . . . . . . Non-combat . | . . . . . . . Combat . | . . . . . . . Robot Hacks Applied . | . . . . . . . Relay Couplers Released . | . . . . . . . Fabnet Peak Effective % . | . . . . . . . Robots Rewired . | . . . . . . . Allies Hacked . | . . . . . . . Hacks Repelled . | . . . . . . . Allies | -11 -10 -9 -9 -9 -8 -8 -------- Run | Yrd Mat Mat Min Exi Min Mat Total Allies . | . . . . . . . Largest Group . | . . . . . . . Highest-Rated Group . | . . . . . . . Highest-Rated Ally . | . . . . . . . Total Orders 3 | . . . 1 2 . . EXPLORE 1 | . . . . 1 . . RETURN 2 | . . . 1 1 . . Ally Attacks . | . . . . . . . Total Damage . | . . . . . . . Kills . | . . . . . . . Allies Corrupted . | . . . . . . . Allies Melted . | . . . . . . . Intel | -11 -10 -9 -9 -9 -8 -8 ------- Run | Yrd Mat Mat Min Exi Min Mat Active Infowar (turns) 13885 | 26 3102 6114 460 1099 965 2119 Sensors 2231 | . . 2221 . . . 10 Seismic 13822 | 26 3102 6051 460 1099 965 2119 Robot Analysis Total 4 | . 2 1 . . 1 . Derelict Logs Recovered 1 | . . . 1 . . . Drone Launches 3 | . . . 2 1 . . Drone Recoveries 3 | . . . 2 1 . . Exploration | -11 -10 -9 -9 -9 -8 -8 ------------- Run | Yrd Mat Mat Min Exi Min Mat Turns Passed 14289 | 98 3102 6339 474 1126 965 2185 Spaces Moved 5930 | 43 1529 2427 185 457 606 683 Core 4 | 4 . . . . . . Treads 5353 | 39 1529 2427 185 457 33 683 Legs . | . . . . . . . Wheels 573 | . . . . . 573 . Hover . | . . . . . . . Flight . | . . . . . . . Fastest Speed 50 | 50 160 160 240 240 145 160 Average Speed 195 | 149 160 206 240 240 150 236 Slowest Speed 240 | 160 160 240 240 240 240 240 Overloaded Moves . | . . . . . . . Propulsion Burnouts . | . . . . . . . Robots Hopped . | . . . . . . . Potential Cave-ins . | . . . . . . . Cave-ins Triggered . | . . . . . . . Exploration Rate (%) 66 | 5 99 98 26 91 95 51 Regions Visited 6 Branch Regions 3 Pre-discovered Areas 5 | . 1 3 1 . . . Known Exits Taken 4 | . . 1 1 1 1 . Unknown Exits Taken 2 | 1 1 . . . . . Scrap Searched 4 | . . . 3 . 1 . Spaces Dug 22 | . 9 13 . . . . Terrain Destroyed 226 | . 60 110 . . 44 12 Melee 3 | . . 3 . . . . Projectile 3 | . . 3 . . . . AOE 220 | . 60 104 . . 44 12 Terrain Rammed . | . . . . . . . Walls Destroyed . | . . . . . . . Machines Disabled . | . . . . . . . Actions | -11 -10 -9 -9 -9 -8 -8 --------- Run | Yrd Mat Mat Min Exi Min Mat Total 8153 | 59 2098 3559 208 489 639 1101 Wait 1723 | . 480 926 10 13 7 287 Move 5924 | 42 1528 2426 184 456 605 683 Hop . | . . . . . . . Pick Up 54 | 3 14 23 1 5 1 7 Fast Attach 18 | 7 1 3 3 2 1 1 Attach 7 | . . 2 . 3 . 2 Detach 1 | . 1 . . . . . Swap 92 | . 12 53 . 2 4 21 Drop 67 | . 11 24 5 8 4 15 Fire 246 | 7 49 88 5 . 14 83 Melee 8 | . . 6 . . . 2 Ram 3 | . . . . . 3 . Kick . | . . . . . . . Crush 10 | . 2 8 . . . . Escape Stasis . | . . . . . . . Rewire . | . . . . . . . Trap . | . . . . . . . Miscellaneous . | . . . . . . . Route ------- -11/Scrapyard -10/Materials (discovered 5 exits: *Mat x3 / [*Min] / [*Sub]) -9/Materials (discovered 4 exits: *Mat x3 / *Min) -9/Mines -9/Exiles (discovered 2 exits: *Min x2) -8/Mines (discovered 2 exits: *Mat x2) -8/Materials (discovered 3 exits: Fac x3) History --------- Turn | Location | Event 3 | -11/Scrapyard | Discovered new exit (range 16) 99 | -11/Scrapyard | Entered Materials 312 | -10/Materials | Build established: Mutant 832 | -10/Materials | Discovered new exit (range 8) 1309 | -10/Materials | Discovered new exit (range 8) 1371 | -10/Materials | Discovered new exit (range 7) 1643 | -10/Materials | Discovered new exit (range 6) 1698 | -10/Materials | Learned 4 Recycling zone layouts 1713 | -10/Materials | Discovered new exit (range 9) 1732 | -10/Materials | Learned Storage stockpile data 1771 | -10/Materials | Loaded intel: 1 repair station location 1775 | -10/Materials | Loaded intel: 9 interactive machine locations 1776 | -10/Materials | Learned Storage stockpile data 1777 | -10/Materials | Loaded intel: 7 terminal locations 1805 | -10/Materials | Learned location of 3 exits from Materials 3201 | -10/Materials | Entered another Materials area 3201 | -9/Materials | Evolved 2 slots: Utility x2 3202 | -9/Materials | Identified exit to Mines 3202 | -9/Materials | Identified exit to Materials 4097 | -9/Materials | Repaired Lgt. Treads 4124 | -9/Materials | Repaired Sensor Array 5502 | -9/Materials | Discovered exit to Materials (range 16) 6013 | -9/Materials | Learned location of Mines (-8) 6105 | -9/Materials | Learned location of 1 exit from Recycling 6137 | -9/Materials | Loaded intel: 12 terminal locations 6161 | -9/Materials | Learned location of Mines (-9) 6177 | -9/Materials | Learned Storage trap positions 6187 | -9/Materials | Learned location of 3 exits from Materials 6205 | -9/Materials | Learned location of Zion (-6) 6233 | -9/Materials | Learned location of 1 exit from Recycling 6271 | -9/Materials | Learned location of 1 exit from Storage 8711 | -9/Materials | Repaired Med. Armor Plating 9540 | -9/Materials | Entered Mines 9688 | -9/Mines | Found the Drone Emporium 9707 | -9/Mines | Found Prototype Device 9707 | -9/Mines | Identified Bomb Drone Bay 9904 | -9/Mines | Deemed a non-threat by the Exiles lab entrance 9904 | -9/Mines | Discovered new exit (range 5) 10012 | -9/Mines | Identified exit to Exiles 10014 | -9/Mines | Entered Exiles 10046 | -9/Exiles | Discovered new exit (range 15) 10079 | -9/Exiles | Met 8R-AWN 10110 | -9/Exiles | Met EX-HEX 10202 | -9/Exiles | Met EX-DEC 10330 | -9/Exiles | Visited The Gauntlet 10710 | -9/Exiles | Met EX-BIN 10744 | -9/Exiles | Aligned with FarCom system 10746 | -9/Exiles | Given EX-Vault access code 10802 | -9/Exiles | Opened EX-Vault 10816 | -9/Exiles | Found Supersonic Drone Bay 10827 | -9/Exiles | Discovered new exit (range 55) 10867 | -9/Exiles | Found AWS/Gauss 10935 | -9/Exiles | Warned to stay clear of 0b10 Research branches 11134 | -9/Exiles | Identified exit to Mines 11140 | -9/Exiles | Left Exiles lab with AWS/Gauss 11140 | -9/Exiles | Entered Mines 11170 | -8/Mines | Discovered exit to Materials (range 5) 11387 | -8/Mines | Discovered exit to Materials (range 11) 12105 | -8/Mines | Entered Materials 12105 | -8/Materials | Evolved 2 slots: Propulsion x1, Utility x1 12106 | -8/Materials | Identified exit to Factory 14255 | -8/Materials | Destroyed 8 combat bots 14290 | -8/Materials | Self-destructed Last Messages --------------- 14226_ Acquired 10 matter. 14228_ Acquired 4 matter. 14230_ G-47 Trooper destroyed. 14231_ Acquired 4 matter. 14234_ R-06 Scavenger collects Imp. Ion Engine. 14234_ Y-45 Defender destroyed. 14235_ Acquired 4 matter. 14237_ R-06 Scavenger collects Beam Rifle. 14240_ R-06 Scavenger collects Hvy. Assault Rifle. 14242_ Acquired Imp. Heat Sink. 14243_ R-06 Scavenger collects Lgt. Treads. 14243_ Acquired 10 matter. 14255_ Dropped Imp. Heat Sink. 14259_ Dropped Sensor Array. 14259_ Acquired Imp. Sensor Array. 14262_ Dropped Lgt. Treads. 14290_ Connecting with Terminal... >>Access(Branch) No branch access points found. Map ----- +----------------------------------------------------+ | | | | | | | | | | | | | | | | | | | | | | | | | ?????????????????????????????????????????????????? | | ???????????????Y?????????????????????????????????? | | ?????????????????????????????????????????????????? | | ?????????????????????????????????##??????????????? | | ????????????????????????????????? ??????????????? | | ???????????????????????????????? ??????????????? | | ????????????????????????????#####+#####??????????? | | ?????????????